[Event "Titled Tuesday Blitz December 27 Early 2022"]
[White "Bryakin, Mikhail"]
[Black "Zherebtsova, Alexandra"]
[WhiteFideId "4165314"]
[BlackFideId "24129518"]
[WhiteElo "2455"]
[BlackElo "2155"]
[Result "1-0"]
[Round "01"]
[TimeControl "180+2"]
[Date "2022.12.27"]
[WhiteClock "0:00:28"]
[BlackClock "0:00:14"]

1. b3 d5 2. Bb2 Nf6 3. f4 g6 4. Nf3 Bg7 5. e3 b6 6. Be2 Bb7 7. O-O O-O 8. Ne5 Nbd7 9. Bf3 c5 10. Nxd7 Qxd7 11. d3 a5 12. a4 Rfd8 13. Nd2 Rac8 14. Qe2 Bc6 15. Be5 h5 16. g3 Bh6 17. Kg2 Ng4 18. Bb2 Ra8 19. h3 Nf6 20. g4 hxg4 21. hxg4 Bg7 22. Rh1 d4 23. e4 Qc7 24. g5 Nh7 25. Rh4 f6 26. Rah1 Nf8 27. gxf6 exf6 28. Rg4 Bd7 29. Rgh4 Bc6 30. Nc4 Re8 31. Qf2 Ne6 32. Bc1 g5 33. Rg4 Bd7 34. f5 Nf8 35. Bxg5 fxg5 36. Rxg5 Nh7 37. Rg6 Nf6 38. Qh4 Rf8 39. Qh8+ Kf7 40. Qxg7+ Ke8 41. Rxf6 Rxf6 42. Qxf6 1-0


[Site "https://www.chess.com"]

[Event "Titled Tuesday Blitz December 27 Early 2022"]
[White "Buscar, Michael"]
[Black "Orozbaev, Eldiar"]
[WhiteFideId "2603616"]
[BlackFideId "13802240"]
[WhiteElo "2041"]
[BlackElo "2235"]
[Result "0-1"]
[Round "01"]
[TimeControl "180+2"]
[Date "2022.12.27"]
[WhiteClock "0:01:21"]
[BlackClock "0:02:14"]

1. Nf3 d6 2. g3 e5 3. Bg2 Nc6 4. d3 f5 5. e4 Nf6 6. Nc3 Be7 7. O-O O-O 8. a4 Qe8 9. exf5 Bxf5 10. Re1 Bg4 11. Qd2 Qh5 12. Qe3 Rae8 13. Nd2 Nd4 14. Nce4 Nxc2 15. Nxf6+ Bxf6 16. Qxa7 Nxe1 17. Qxb7 Bg5 18. Ne4 Bxc1 0-1


[Site "https://www.chess.com"]

[Event "Titled Tuesday Blitz December 27 Early 2022"]
[White "Castillo Pena, Patricia Evarista"]
[Black "Klose, Eli"]
[WhiteFideId "6412106"]
[BlackFideId "16242955"]
[WhiteElo "1783"]
[BlackElo "1519"]
[Result "0-1"]
[Round "01"]
[TimeControl "180+2"]
[Date "2022.12.27"]
[WhiteClock "0:00:08"]
[BlackClock "0:01:31"]

1. d4 Nf6 2. Nf3 c5 3. e3 g6 4. b3 b6 5. Bb2 Bg7 6. Nbd2 O-O 7. Be2 Ba6 8. c4 Bb7 9. O-O cxd4 10. exd4 d5 11. Rc1 Nc6 12. Ne5 Rc8 13. a3 dxc4 14. Nxc6 Bxc6 15. bxc4 e6 16. Bf3 Qd7 17. Qe2 Rfd8 18. Rfd1 Ne8 19. Bxc6 Rxc6 20. Ne4 Rdc8 21. Ng5 Nd6 22. d5 exd5 23. Bxg7 Kxg7 24. cxd5 Rxc1 0-1


[Site "https://www.chess.com"]

[Event "Titled Tuesday Blitz December 27 Early 2022"]
[White "Christiansen, Johan-Sebastian"]
[Black "Eggleston, Thomas A"]
[WhiteFideId "1512668"]
[BlackFideId "412139"]
[WhiteElo "2579"]
[BlackElo "2215"]
[Result "1-0"]
[Round "01"]
[TimeControl "180+2"]
[Date "2022.12.27"]
[WhiteClock "0:00:38"]
[BlackClock "0:00:09"]

1. e4 e6 2. Nf3 d5 3. e5 c5 4. c3 Nc6 5. d4 Qb6 6. Be2 f6 7. O-O fxe5 8. dxe5 Nh6 9. c4 d4 10. Re1 Bd7 11. Nbd2 Nf7 12. Ne4 O-O-O 13. Bf4 h6 14. Bg3 g5 15. Nf6 Be7 16. a3 h5 17. h4 g4 18. Ng5 Nfxe5 19. Nxd7 Rxd7 20. Bf1 Bxg5 21. hxg5 Ng6 22. Rxe6 h4 23. Bh2 Qxb2 24. Rb1 Qxa3 25. Rxc6+ Kd8 26. Rxg6 g3 27. Bd3 gxh2+ 28. Kxh2 Qa5 29. Qg4 Qc7+ 30. Kg1 h3 31. Rh6 h2+ 32. Kh1 Re8 33. Rxh2 Rde7 34. g3 a5 35. Qf3 a4 36. Bf5 a3 37. Qd5+ Rd7 38. Bxd7 1-0


[Site "https://www.chess.com"]

[Event "Titled Tuesday Blitz December 27 Early 2022"]
[White "Ciuffoletti, Paolo"]
[Black "Itgelt, Khuyagtsogt"]
[WhiteFideId "807630"]
[BlackFideId "4902912"]
[WhiteElo "2106"]
[BlackElo "2261"]
[Result "1-0"]
[Round "01"]
[TimeControl "180+2"]
[Date "2022.12.27"]
[WhiteClock "0:00:25"]
[BlackClock "0:00:42"]

1. e4 e5 2. Nf3 Nc6 3. Bc4 Bc5 4. b4 Bxb4 5. c3 Be7 6. d4 exd4 7. Qb3 d5 8. Bxd5 Be6 9. Bxe6 fxe6 10. Qxb7 Na5 11. Qb5+ c6 12. Qh5+ g6 13. Qe5 Bf6 14. Qxe6+ Qe7 15. Qxe7+ Nxe7 16. cxd4 c5 17. e5 Bg7 18. dxc5 O-O 19. O-O Rxf3 20. gxf3 Bxe5 21. Re1 Bxa1 22. Rxe7 Nc6 23. Rc7 Nd4 24. Be3 Nxf3+ 25. Kg2 Nh4+ 26. Kh3 Nf5 27. c6 Nxe3 28. fxe3 Be5 29. Re7 Bd6 30. Rd7 Bf8 31. Nc3 Re8 32. Nd5 Bg7 33. c7 Be5 34. Rd8 Kf7 35. Rxe8 Bxc7 36. Nxc7 g5 37. Ra8 1-0


[Site "https://www.chess.com"]

[Event "Titled Tuesday Blitz December 27 Early 2022"]
[White "Clawitter, Craig"]
[Black "Aghasiyev, Kamal"]
[WhiteFideId "2023105"]
[BlackFideId "13402854"]
[WhiteElo "2050"]
[BlackElo "2441"]
[Result "1/2-1/2"]
[Round "01"]
[TimeControl "180+2"]
[Date "2022.12.27"]
[WhiteClock "0:00:07"]
[BlackClock "0:00:29"]

1. e4 c5 2. Nf3 e6 3. d4 cxd4 4. Nxd4 a6 5. Bd3 Ne7 6. c4 Nbc6 7. Nc2 d5 8. Nc3 d4 9. Ne2 e5 10. O-O Ng6 11. a3 a5 12. b3 Bd6 13. f4 exf4 14. Nxf4 Nxf4 15. Bxf4 O-O 16. e5 Bxe5 17. Bxe5 Nxe5 18. Bxh7+ Kxh7 19. Qh5+ Kg8 20. Qxe5 d3 21. Nd4 Re8 22. Qf4 Qe7 23. Rad1 Qe3+ 24. Qxe3 Rxe3 25. Kf2 Re4 26. Rxd3 b6 27. Nb5 Be6 28. Nc7 Rc8 29. Nxe6 Rxe6 30. Re1 Rxe1 31. Kxe1 a4 32. Rc3 axb3 33. Kd2 Kf8 34. Kc1 Ke7 35. Kb2 Kd6 36. Kxb3 Kc6 37. Rf3 f6 38. Rg3 Rc7 39. Kb4 Re7 40. h4 Re4 41. h5 Rh4 42. Rxg7 Rxh5 43. Rg6 Kb7 44. g4 Rh4 45. Rxf6 Rxg4 46. Kb5 Rg5+ 47. Kb4 Rg1 48. Kb5 Rb1+ 49. Ka4 Rb2 50. Rh6 Rb1 51. Rg6 Rb2 52. Rh6 Rb1 53. Rg6 Rb2 54. Rh6 1/2-1/2


[Site "https://www.chess.com"]

[Event "Titled Tuesday Blitz December 27 Early 2022"]
[White "Cremisi, Daniel"]
[Black "Rose, Felix"]
[WhiteFideId "2089882"]
[BlackFideId "5105722"]
[WhiteElo "2170"]
[BlackElo "2091"]
[Result "1-0"]
[Round "01"]
[TimeControl "180+2"]
[Date "2022.12.27"]
[WhiteClock "0:00:06"]
[BlackClock "0:00:04"]

1. d4 d5 2. c4 e6 3. Nc3 Nf6 4. cxd5 exd5 5. Bg5 c6 6. e3 Be7 7. Bd3 Nbd7 8. Qc2 h6 9. Bh4 Nh5 10. Bxe7 Qxe7 11. Nge2 Nb6 12. O-O O-O 13. Rab1 a5 14. a3 a4 15. Rfe1 Bd7 16. b4 axb3 17. Rxb3 Nc8 18. Rxb7 Rxa3 19. Qb2 Ra8 20. Ra1 Nd6 21. Rxa8 Rxa8 22. Rb8+ Rxb8 23. Qxb8+ Ne8 24. g3 Qd6 25. Qd8 Qc7 26. Qh4 Nhf6 27. Na4 Qa5 28. Nc5 Bg4 29. Nf4 Bf3 30. Bf1 Qe1 31. Qh3 Ng4 32. Nfd3 Qd1 33. Nd7 Be2 34. Nf4 Qe1 35. Ne5 Qxf2+ 36. Kh1 Bxf1 37. Qxg4 1-0


[Site "https://www.chess.com"]

[Event "Titled Tuesday Blitz December 27 Early 2022"]
[White "Cruz, William Ferreira Da"]
[Black "Ordekalog"]
[WhiteFideId "2118050"]
[WhiteElo "2216"]
[BlackElo "2826"]
[Result "1-0"]
[Round "01"]
[TimeControl "180+2"]
[Date "2022.12.27"]
[WhiteClock "0:00:04"]
[BlackClock "0:00:05"]

1. d4 d5 2. c4 e6 3. Nc3 c5 4. cxd5 cxd4 5. Qa4+ Bd7 6. Qxd4 exd5 7. Nf3 Nc6 8. Qd1 Nf6 9. Bg5 Bb4 10. e3 h6 11. Bxf6 Qxf6 12. Nd4 O-O 13. Be2 Rad8 14. O-O Bxc3 15. bxc3 Rfe8 16. Qb3 Bc8 17. Bf3 Na5 18. Qb5 b6 19. Rfd1 a6 20. Qb4 Bb7 21. Be2 Rc8 22. Rab1 Nc4 23. Bxc4 dxc4 24. Qxb6 Bc6 25. Nxc6 Rxc6 26. Qd4 Qg6 27. Rb4 Kh7 28. Rxc4 Rf6 29. Qd3 Rf5 30. Rd4 Kg8 31. Rd8 Rxd8 32. Qxd8+ Kh7 33. Qd3 Kg8 34. c4 Qf6 35. Qd8+ Kh7 36. Qxf6 Rxf6 37. Rc1 Rc6 38. Kf1 Kg6 39. c5 Kf5 40. Ke2 Ke4 41. f3+ Kd5 42. e4+ Kd4 43. Rd1+ Ke5 44. Rd5+ Ke6 45. Kd3 g6 46. Kc4 Ke7 47. Rd6 Rxd6 48. cxd6+ Kxd6 49. Kd4 f6 50. f4 Kc6 51. e5 f5 52. Kc4 Kd7 53. Kd5 a5 54. a4 g5 55. e6+ Ke7 56. Ke5 gxf4 57. Kxf5 h5 58. h4 Kd6 59. Kxf4 Kxe6 60. Kg5 Ke5 61. Kxh5 Kf5 62. Kh6 Kg4 63. h5 Kf5 64. Kg7 1-0


[Site "https://www.chess.com"]

[Event "Titled Tuesday Blitz December 27 Early 2022"]
[White "Darini, Pouria"]
[Black "Matveeva, Olga"]
[WhiteFideId "12502200"]
[BlackFideId "24107018"]
[WhiteElo "2401"]
[BlackElo "2128"]
[Result "1-0"]
[Round "01"]
[TimeControl "180+2"]
[Date "2022.12.27"]
[WhiteClock "0:00:03"]
[BlackClock "0:00:04"]

1. Nf3 e6 2. c4 d5 3. g3 Nf6 4. Bg2 Be7 5. O-O O-O 6. b3 c5 7. Bb2 Nc6 8. cxd5 Nxd5 9. Nc3 Nxc3 10. Bxc3 Bf6 11. Rc1 Nd4 12. e3 Nxf3+ 13. Bxf3 Be7 14. d4 cxd4 15. Qxd4 Qxd4 16. Bxd4 Rd8 17. Rfd1 f6 18. Bxa7 Rxd1+ 19. Bxd1 Rxa7 20. Rxc8+ Kf7 21. a4 b5 22. Rb8 bxa4 23. bxa4 Bc5 24. Bb3 Ke7 25. h4 h6 26. Kg2 Rc7 27. Kf3 Ba7 28. Rg8 Kd6 29. Re8 Re7 30. Rxe7 Kxe7 31. a5 Kd6 32. a6 Ke5 33. Kg4 g6 34. f4+ Kd6 35. Kf3 e5 36. Bf7 exf4 37. exf4 g5 38. Kg4 Ke7 39. Bc4 gxf4 40. Kxf4 Kd6 41. Kf5 Ke7 42. Kg6 Be3 43. Bd3 Bf2 44. Kxh6 Be3+ 45. Kg6 Bd4 46. Bf5 Kf8 47. Be6 Ke7 48. Bc4 Kf8 49. h5 Be3 50. h6 f5 51. h7 Bd4 52. Bd3 1-0


[Site "https://www.chess.com"]

[Event "Titled Tuesday Blitz December 27 Early 2022"]
[White "De Souza, Cristiano Gomes"]
[Black "Demin, Vladimir"]
[WhiteFideId "2151758"]
[BlackFideId "4167457"]
[WhiteElo "2018"]
[BlackElo "2430"]
[Result "0-1"]
[Round "01"]
[TimeControl "180+2"]
[Date "2022.12.27"]
[WhiteClock "0:01:18"]
[BlackClock "0:00:39"]

1. d4 Nf6 2. c4 e6 3. Nf3 d5 4. Nc3 c6 5. Bg5 h6 6. Bxf6 Qxf6 7. e3 g6 8. Ne5 Bg7 9. Be2 O-O 10. O-O Nd7 11. f4 Qe7 12. Rc1 Rd8 13. c5 Qe8 14. Qc2 Nxe5 15. fxe5 b6 16. b4 Qe7 17. g3 Bb7 18. Rf4 a5 19. a3 axb4 20. axb4 bxc5 21. bxc5 Ba6 22. Rcf1 Rf8 23. Bxa6 Rxa6 24. e4 Ra3 25. exd5 exd5 26. R4f3 Qd7 27. Kg2 Ra7 28. Ne2 Qb7 29. Nf4 Rfa8 30. R1f2 Qb4 31. Nxg6 fxg6 32. Qxg6 Qxd4 33. e6 Qe4 34. Qh5 Re7 35. Kh3 Qxe6+ 36. g4 Rf8 37. Rxf8+ Bxf8 38. Rf5 Bg7 39. Qh4 Qe3+ 40. Qg3 Qxg3+ 41. Kxg3 Re4 42. Rf3 Rc4 43. h4 Rxc5 44. g5 hxg5 45. hxg5 Rc3 46. Rxc3 Bxc3 47. Kf3 Kg7 48. Ke3 Kg6 0-1


[Site "https://www.chess.com"]

[Event "Titled Tuesday Blitz December 27 Early 2022"]
[White "Delorme, Alban"]
[Black "Rodriguez Fontecha, Marcos"]
[WhiteFideId "623636"]
[BlackFideId "2256576"]
[WhiteElo "2298"]
[BlackElo "2309"]
[Result "1-0"]
[Round "01"]
[TimeControl "180+2"]
[Date "2022.12.27"]
[WhiteClock "0:00:05"]
[BlackClock "0:00:01"]

1. e4 e6 2. d4 d5 3. Nc3 h6 4. Nf3 Nf6 5. exd5 exd5 6. Bd3 Bd6 7. O-O O-O 8. Ne2 Bg4 9. Ng3 Re8 10. h3 Bxg3 11. fxg3 Bh5 12. g4 Bg6 13. Bxg6 fxg6 14. Ne5 g5 15. c3 Nc6 16. Nxc6 bxc6 17. Qf3 Re4 18. Bd2 Qd6 19. Rae1 Rae8 20. Rxe4 Rxe4 21. Re1 c5 22. Rxe4 dxe4 23. Qe3 Qe6 24. dxc5 Nd5 25. Qd4 e3 26. Be1 Nf4 27. Kh2 c6 28. c4 Ng6 29. Bc3 Qe7 30. Qd6 Qf7 31. b4 e2 32. b5 cxb5 33. c6 Ne7 34. c7 bxc4 35. Qxe7 Qxe7 36. c8=Q+ Kh7 37. Qf5+ Kg8 38. Qd5+ Kh7 39. Be1 Qc7+ 40. Kg1 Qf4 41. Qd2 Qe4 42. Kf2 Qb1 43. Qxe2 Qc1 44. Qe4+ Kh8 45. Qe8+ Kh7 46. Qe4+ Kh8 47. Qd4 Qb1 48. Qxc4 Qb6+ 49. Kf1 Qf6+ 50. Kg1 Qb6+ 51. Bf2 Qb7 52. Kh2 Qb8+ 53. Bg3 Qb7 54. Qe6 Qc7 55. Bxc7 1-0


[Site "https://www.chess.com"]

[Event "Titled Tuesday Blitz December 27 Early 2022"]
[White "Demidov, Mikhail"]
[Black "Sreyas Payyappat"]
[WhiteFideId "4197143"]
[BlackFideId "46674969"]
[WhiteElo "2583"]
[BlackElo "2076"]
[Result "1-0"]
[Round "01"]
[TimeControl "180+2"]
[Date "2022.12.27"]
[WhiteClock "0:02:17"]
[BlackClock "0:00:16"]

1. Nf3 Nf6 2. g3 g6 3. b3 Bg7 4. Bb2 b6 5. Bg2 Bb7 6. O-O O-O 7. c4 d5 8. cxd5 Bxd5 9. Nc3 Bb7 10. d4 Ne4 11. Qc2 f5 12. Rac1 Nd7 13. Ng5 Nxg5 14. Bxb7 Rb8 15. Bg2 Bxd4 16. Rfd1 Bc5 17. Qd2 Nf7 18. Qxd7 Qxd7 19. Rxd7 Bd6 20. Nd5 Rfe8 21. Nxc7 Rec8 22. Bd5 Kf8 23. Ne6+ Ke8 24. Rxc8+ Rxc8 25. Rxa7 Rc2 26. Bd4 Rxe2 27. Bc6# 1-0


[Site "https://www.chess.com"]

[Event "Titled Tuesday Blitz December 27 Early 2022"]
[White "Derjabin, Ilja"]
[Black "Bortnyk, Olexandr"]
[WhiteFideId "14104768"]
[BlackFideId "14120828"]
[WhiteElo "2333"]
[BlackElo "2605"]
[Result "1/2-1/2"]
[Round "01"]
[TimeControl "180+2"]
[Date "2022.12.27"]
[WhiteClock "0:00:07"]
[BlackClock "0:00:10"]

1. d4 d6 2. c4 e5 3. d5 a5 4. Nc3 Na6 5. e4 f5 6. exf5 Bxf5 7. Bd3 Qd7 8. Nge2 Bxd3 9. Qxd3 Nb4 10. Qd1 Qg4 11. a3 Na6 12. Qa4+ Qd7 13. Qxa5 Nf6 14. O-O Be7 15. Qa4 c6 16. Bg5 O-O 17. Bxf6 Rxf6 18. dxc6 bxc6 19. Nd5 Rg6 20. Qxc6 Ra7 21. Qxd7 Rxd7 22. b4 Bd8 23. Nec3 Rg4 24. Rac1 Rxc4 25. Nb5 Re4 26. Rc6 Nb8 27. Rc8 Na6 28. Rfc1 Kf7 29. f3 Re2 30. R1c6 Rd2 31. Nxd6+ Kf8 32. Rxa6 Rxd5 33. Ne4 Kf7 34. Kf2 h6 35. a4 Rd4 36. b5 Rb4 37. Rd6 Rxd6 38. Nxd6+ Ke7 39. Ne4 Rxa4 40. Rb8 Ra2+ 41. Kg3 Rb2 42. Rb7+ Kf8 43. h4 h5 44. Ng5 Ba5 45. Ne6+ Kg8 46. Rxg7+ Kh8 47. Rb7 Be1+ 48. Kh3 Rb4 49. g4 hxg4+ 50. fxg4 Rb3+ 51. Kg2 Bxh4 52. Nc5 Rb4 53. Nd3 Rxg4+ 54. Kf3 Rd4 55. Nxe5 Bf6 56. Ng6+ Kg8 57. Nf4 Ra4 58. b6 Be5 59. Nd5 Rd4 60. Ne7+ Kf8 61. Nc6 Rf4+ 62. Ke3 Bd6 63. Nd4 Rf6 64. Rc7 Bf4+ 65. Ke4 Rxb6 66. Kxf4 Ke8 67. Ke5 Rb1 68. Rc5 Re1+ 69. Kd5 Rd1 70. Ra5 Ke7 71. Ra6 Rd2 72. Re6+ Kf7 73. Rh6 Rd1 74. Rc6 Re1 75. Nf3 Rd1+ 76. Ke5 Ke7 77. Rc7+ Rd7 78. Rc6 Rd1 79. Rh6 Kd7 80. Rh7+ Kc6 81. Nd4+ Kb6 82. Kd5 Rg1 83. Rh6+ Kb7 84. Nb5 Rg5+ 85. Kc4 Rg4+ 86. Kc5 Rg5+ 87. Kb4 Rg4+ 88. Ka5 Rg1 89. Rb6+ Kc8 90. Rd6 Ra1+ 91. Kb6 Rb1 92. Rh6 Kd7 93. Rh7+ Ke6 94. Rh3 Ke5 95. Re3+ Kf4 96. Re8 Rc1 97. Nd6 Kg5 98. Ne4+ Kf5 99. Nc5 Rb1+ 100. Kc6 Rd1 101. Rf8+ Ke5 102. Nd7+ Ke6 103. Re8+ Kf7 104. Re2 Rc1+ 105. Kd6 Rd1+ 106. Ke5 Rxd7 107. Rf2+ Ke8 108. Rh2 Rd1 109. Ke6 Re1+ 110. Kf6 Kd7 111. Rd2+ Kc6 112. Rc2+ Kd6 113. Rd2+ Kc6 114. Rc2+ Kd6 115. Rd2+ Kc6 1/2-1/2


[Site "https://www.chess.com"]

[Event "Titled Tuesday Blitz December 27 Early 2022"]
[White "Devaev, Alexander"]
[Black "Yuan, Qingyu"]
[WhiteFideId "4169395"]
[BlackFideId "8609772"]
[WhiteElo "2325"]
[BlackElo "2373"]
[Result "0-1"]
[Round "01"]
[TimeControl "180+2"]
[Date "2022.12.27"]
[WhiteClock "0:00:01"]
[BlackClock "0:01:00"]

1. d4 Nf6 2. c4 e6 3. Nf3 d5 4. Nc3 c5 5. cxd5 Nxd5 6. e3 Nc6 7. Bb5 Nxc3 8. bxc3 Bd7 9. O-O Be7 10. Qe2 O-O 11. Bb2 Rc8 12. Rad1 Qc7 13. Bd3 Rfd8 14. e4 cxd4 15. cxd4 Nb4 16. Bb1 Qa5 17. Qd2 Bb5 18. Rfe1 Nc6 19. Qf4 h6 20. d5 Ba4 21. dxc6 Bxd1 22. cxb7 Rb8 23. Qg3 Bf8 24. Rf1 Be2 25. Rc1 Rxb7 26. Bf6 Rc8 27. h3 Rxc1+ 0-1


[Site "https://www.chess.com"]

[Event "Titled Tuesday Blitz December 27 Early 2022"]
[White "Dias, Joao Batista"]
[Black "Borrmann, Laurenz"]
[WhiteFideId "2108240"]
[BlackFideId "312187930"]
[WhiteElo "1796"]
[BlackElo "2304"]
[Result "0-1"]
[Round "01"]
[TimeControl "180+2"]
[Date "2022.12.27"]
[WhiteClock "0:00:01"]
[BlackClock "0:00:03"]

1. e4 c5 2. Nf3 Nc6 3. Bc4 e6 4. a3 d5 5. exd5 exd5 6. Be2 Nf6 7. d4 Bg4 8. dxc5 Bxc5 9. O-O O-O 10. h3 Bh5 11. Bg5 Re8 12. Nbd2 Qd6 13. Re1 Ne4 14. Nxe4 dxe4 15. Qxd6 Bxd6 16. Nh2 Bg6 17. Nf1 Nd4 18. Rac1 Rac8 19. c3 Nxe2+ 20. Rxe2 f5 21. g3 h6 22. Be3 a6 23. Rd1 Be5 24. Red2 Bh5 25. Re1 Red8 26. Bb6 Rxd2 27. Nxd2 Rc6 28. Be3 b5 29. Nb3 Rd6 30. Nd4 Bg6 31. Kg2 Kf7 32. f4 Bf6 33. Kf2 Bh7 34. Rg1 g5 35. Ke2 Kg6 36. Kf2 Bg8 37. Rd1 Bc4 38. Rg1 Bd3 39. g4 fxg4 40. f5+ Kf7 41. hxg4 Rd5 42. Re1 a5 43. Rh1 Bg7 44. Re1 b4 45. axb4 axb4 46. Rc1 bxc3 47. bxc3 Ra5 48. Rd1 Ra2+ 49. Rd2 Ra3 50. Ne2 Bxe2 51. Kxe2 Bxc3 52. Rd7+ Kf6 53. Rd6+ Kg7 54. Rd7+ Kg8 55. Rd8+ Kf7 56. Rd7+ Ke8 57. Rh7 Ra2+ 58. Kd1 Rh2 59. f6 Bxf6 60. Bd2 Rh1+ 61. Ke2 Rh2+ 0-1


[Site "https://www.chess.com"]

[Event "Titled Tuesday Blitz December 27 Early 2022"]
[White "Dimitrov, Atanas"]
[Black "Levitan, Caleb Levi"]
[WhiteFideId "2901315"]
[BlackFideId "14332620"]
[WhiteElo "2269"]
[BlackElo "2129"]
[Result "1-0"]
[Round "01"]
[TimeControl "180+2"]
[Date "2022.12.27"]
[WhiteClock "0:00:22"]
[BlackClock "0:00:02"]

1. Nf3 Nf6 2. c4 e6 3. g3 d5 4. cxd5 exd5 5. Bg2 Bd6 6. d4 c6 7. Nc3 O-O 8. O-O Bf5 9. Bg5 h6 10. Bd2 Nbd7 11. Re1 Re8 12. Qb3 Qb6 13. Na4 Qxb3 14. axb3 Ne4 15. Bc3 Nb6 16. e3 Nxa4 17. bxa4 a5 18. Nd2 Nf6 19. Nb3 b6 20. Rec1 Rec8 21. Nd2 Ra7 22. f3 Re7 23. Kf2 c5 24. Re1 c4 25. e4 dxe4 26. fxe4 Ng4+ 27. Kg1 Bd7 28. e5 Bb8 29. h3 Nf6 30. exf6 Rxe1+ 31. Rxe1 Bxg3 32. Re2 gxf6 33. Ne4 Bh4 34. d5 Kg7 35. Nd6 Rd8 36. Nxc4 b5 37. axb5 Bxb5 38. b3 a4 39. Re4 Bg5 40. bxa4 Bxa4 41. Ne3 Bxe3+ 42. Rxe3 Bb3 43. Rg3+ Kf8 44. Bxf6 Rd6 45. Be5 Rd7 46. Rxb3 1-0


[Site "https://www.chess.com"]

[Event "Titled Tuesday Blitz December 27 Early 2022"]
[White "Erzhanov, Arman"]
[Black "Mohammadian, Mohammad"]
[WhiteFideId "4138821"]
[BlackFideId "12566055"]
[WhiteElo "2228"]
[BlackElo "1398"]
[Result "1-0"]
[Round "01"]
[TimeControl "180+2"]
[Date "2022.12.27"]
[WhiteClock "0:01:51"]
[BlackClock "0:01:11"]

1. e4 e5 2. Nf3 Nc6 3. Bc4 Bc5 4. c3 Nf6 5. d4 exd4 6. cxd4 Bb4+ 7. Nc3 Nxe4 8. O-O Bxc3 9. d5 Na5 10. bxc3 Nxc4 11. Qd4 O-O 12. Qxe4 Nd6 13. Qd4 Ne8 14. Bg5 Nf6 15. Nd2 d6 16. Ne4 Re8 17. Bxf6 Rxe4 18. Bxd8 Rxd4 19. cxd4 Bf5 20. Bxc7 Rc8 21. Bxd6 Rc2 22. Rfc1 Rxc1+ 23. Rxc1 h6 24. Rc7 Be4 25. Rxb7 Bxd5 26. Rxa7 Kh7 27. a4 Kg6 28. a5 Kf5 29. Bc5 Ke4 30. Re7+ Kd3 31. a6 Kc4 32. a7 Kb5 33. Re8 Kc4 34. a8=Q Bxa8 35. Rxa8 f5 36. Rf8 g6 37. Rf6 f4 38. Rxg6 h5 39. Rh6 f3 40. gxf3 h4 41. Rxh4 Kd3 42. Re4 Kc4 43. h4 Kb5 44. h5 Kc4 45. h6 1-0


[Site "https://www.chess.com"]

[Event "Titled Tuesday Blitz December 27 Early 2022"]
[White "Ezat, Mohamed"]
[Black "Roque Sola, Gisela"]
[WhiteFideId "10600906"]
[BlackFideId "5120241"]
[WhiteElo "2402"]
[BlackElo "2061"]
[Result "1-0"]
[Round "01"]
[TimeControl "180+2"]
[Date "2022.12.27"]
[WhiteClock "0:00:06"]
[BlackClock "0:00:04"]

1. d4 Nf6 2. c4 e6 3. Nf3 d5 4. Nc3 Be7 5. cxd5 exd5 6. Bg5 O-O 7. e3 Bf5 8. Bxf6 Bxf6 9. Qb3 Nc6 10. a3 Re8 11. Bb5 Bxd4 12. Bxc6 Bxc3+ 13. Qxc3 bxc6 14. O-O Rb8 15. b4 Be4 16. Nd4 Qf6 17. Rac1 Rb6 18. Nxc6 Qg6 19. f3 Bd3 20. Ne5 Rxe5 21. Qxe5 h5 22. Rf2 Bc4 23. e4 c6 24. h3 Kh7 25. g4 h4 26. f4 c5 27. f5 Qg5 28. Qf4 Qxf4 29. Rxf4 cxb4 30. axb4 Bb3 31. exd5 Bxd5 32. Rd4 Bb3 33. g5 f6 34. Rxh4+ Kg8 35. g6 Rb8 36. Rc7 Bd5 37. Rh7 1-0


[Site "https://www.chess.com"]

[Event "Titled Tuesday Blitz December 27 Early 2022"]
[White "Fajdetic, Hrvoje"]
[Black "Bodnaruk, Anastasia"]
[WhiteFideId "14501945"]
[BlackFideId "4181751"]
[WhiteElo "2151"]
[BlackElo "2350"]
[Result "1/2-1/2"]
[Round "01"]
[TimeControl "180+2"]
[Date "2022.12.27"]
[WhiteClock "0:00:06"]
[BlackClock "0:00:06"]

1. d4 Nf6 2. Bf4 g6 3. Nc3 d5 4. e3 Bg7 5. h4 h5 6. Nf3 O-O 7. Qd2 b6 8. O-O-O Bb7 9. Ne5 c5 10. Be2 cxd4 11. exd4 Nbd7 12. g4 b5 13. a3 a5 14. gxh5 b4 15. Nb1 Ne4 16. Qe3 Nxe5 17. dxe5 Qc7 18. e6 bxa3 19. Nxa3 Qc6 20. exf7+ Rxf7 21. hxg6 Qxg6 22. Rdg1 Qf6 23. Rxg7+ Rxg7 24. f3 e5 25. Bh6 Ng3 26. Bxg7 Qxg7 27. Re1 Kh8 28. f4 exf4 29. Qxf4 Re8 30. Qd2 Qe5 31. Qh6+ Kg8 32. Qg6+ Kh8 33. Qh6+ Kg8 34. Qg6+ Kf8 35. Qh6+ Qg7 36. Qxg7+ Kxg7 37. Rg1 Rxe2 38. Rxg3+ Kf6 39. Nb5 Rh2 40. Rf3+ Ke5 41. Rf1 Rxh4 42. Re1+ Kf6 43. c3 Bc6 44. Nd4 Bd7 45. Rf1+ Ke7 46. Rg1 Kd6 47. Rg6+ Kc5 48. Ra6 Rh1+ 49. Kc2 Rh2+ 50. Kb3 a4+ 51. Ka3 Kc4 52. Rd6 Be8 53. Rd8 Rh8 54. Rc8+ Kd3 55. Nf5 Rg8 56. Nd6 Bf7 57. Rxg8 Bxg8 58. Kxa4 d4 59. Kb4 dxc3 60. bxc3 Be6 61. c4 Bxc4 1/2-1/2


[Site "https://www.chess.com"]

[Event "Titled Tuesday Blitz December 27 Early 2022"]
[White "Federzoni, Enzo"]
[Black "Preotu, Razvan"]
[WhiteFideId "2173301"]
[BlackFideId "2613280"]
[WhiteElo "2133"]
[BlackElo "2475"]
[Result "0-1"]
[Round "01"]
[TimeControl "180+2"]
[Date "2022.12.27"]
[WhiteClock "0:01:56"]
[BlackClock "0:01:50"]

1. e4 c5 2. Nf3 d6 3. Bb5+ Nd7 4. d4 cxd4 5. Qxd4 a6 6. Bxd7+ Bxd7 7. c4 Nf6 8. Bg5 e6 9. Nc3 h6 10. Bxf6 Qxf6 11. e5 dxe5 12. Nxe5 O-O-O 13. O-O-O Be8 14. Qe3 Bd6 15. f4 Bc6 16. Rhf1 Bxg2 17. Rf2 Bxe5 18. fxe5 Rxd1+ 19. Kxd1 Rd8+ 20. Kc1 Qg6 21. Na4 Bc6 0-1


[Site "https://www.chess.com"]

[Event "Titled Tuesday Blitz December 27 Early 2022"]
[White "Feng, Eric"]
[Black "Savic, Miroslav"]
[WhiteFideId "30952590"]
[BlackFideId "14508494"]
[WhiteElo "1951"]
[BlackElo "2167"]
[Result "0-1"]
[Round "01"]
[TimeControl "180+2"]
[Date "2022.12.27"]
[WhiteClock "0:00:25"]
[BlackClock "0:01:16"]

1. d4 Nf6 2. c4 e6 3. Nf3 Bb4+ 4. Bd2 a5 5. g3 b6 6. Bg2 Bb7 7. O-O Bxd2 8. Nbxd2 O-O 9. Rc1 Qe7 10. e3 d6 11. Qe2 Nbd7 12. e4 e5 13. d5 Nc5 14. Ne1 Nfd7 15. Nd3 Nxd3 16. Qxd3 Nc5 17. Qe3 f5 18. exf5 Rxf5 19. Ne4 Raf8 20. Nxc5 bxc5 21. Qc3 a4 22. Qa5 Ra8 23. Qb5 Bc8 24. Qc6 Ra6 25. Qb5 Ra8 26. b3 Rf8 27. bxa4 Bd7 28. Qb7 Bxa4 29. Rb1 Bc2 30. Rb2 Bd3 31. Rd1 Bxc4 32. Rdd2 e4 33. Re2 Bxe2 34. Rxe2 Rab8 35. Qc6 Rb1+ 36. Bf1 Qf7 37. Rxe4 Qxf2+ 38. Kh1 Rxf1# 0-1


[Site "https://www.chess.com"]

[Event "Titled Tuesday Blitz December 27 Early 2022"]
[White "Firouzja, Alireza"]
[Black "Mortazavi, Ali"]
[WhiteFideId "12573981"]
[BlackFideId "401323"]
[WhiteElo "2785"]
[BlackElo "2333"]
[Result "1-0"]
[Round "01"]
[TimeControl "180+2"]
[Date "2022.12.27"]
[WhiteClock "0:00:29"]
[BlackClock "0:00:08"]

1. e4 c6 2. d4 d5 3. e5 Bf5 4. Bd3 Bxd3 5. Qxd3 e6 6. Nf3 Qb6 7. O-O Qa6 8. Qe3 Ne7 9. Nc3 Nf5 10. Qf4 h5 11. Nd1 Be7 12. Ne3 g5 13. Nxg5 Bxg5 14. Qxg5 Nxd4 15. c4 Nd7 16. Bd2 Qb6 17. Kh1 Nf8 18. Rad1 Ng6 19. Rfe1 Qxb2 20. cxd5 cxd5 21. Nxd5 exd5 22. e6 Nxe6 23. Rxe6+ fxe6 24. Qxg6+ Kd7 25. Qf7+ Kd6 26. Bf4+ Kc5 27. Qc7+ Kb4 28. Qxb7+ Kc3 29. Be5+ Kc2 30. Qxb2+ Kxd1 31. Bc3 1-0


[Site "https://www.chess.com"]